 Dungeon Crawl Stone Soup version 0.30-a0-1074-g5db6f66fbb (webtiles) character file.

Game seed: 13337239835929996866

1916 Zanecoolhand the Gusty (level 8, -7/62 HPs)
             Began as a Yellow Draconian Air Elementalist on Apr 13, 2023.
             Was a Follower of Sif Muna.
             Mangled by Duvessa
             ... wielding a +0 rapier
              (18 damage)
             ... on level 7 of the Dungeon.
             The game lasted 00:28:13 (6422 turns).

Zanecoolhand the Gusty (DrAE)                       Turns: 6422, Time: 00:28:13

Health: -7/62      AC: 11    Str: 12    XL:     8   Next: 95%
Magic:  10/16      EV: 13    Int: 15    God:    Sif Muna [*.....]
Gold:   224        SH:  0    Dex: 13    Spells: 16/17 levels left

rFire   . . .      SeeInvis .    A - +0 war axe (freeze)
rCold   . . .      Faith    .    (no shield)
rNeg    . . .      Spirit   .    (body armour unavailable)
rPois   +          Reflect  .    (helmet restricted)
rElec   .          Rampage  .    n - scarf {shadows}
rCorr   +                        (no gloves)
Will    .....                    k - +0 pair of boots
Stlth   ++                       (no amulet)
HPRegen 0.30/turn                h - +4 ring of protection
MPRegen 0.15/turn                C - ring of poison resistance

@: no status effects
A: spit acid, AC +6, unfitting armour, cold-blooded, acid resistance
a: Breathe Acid, Renounce Religion, Channel Magic


You were on level 7 of the Dungeon.
You worshipped Sif Muna.
Sif Muna was aware of your devotion.
You visited 1 branch of the dungeon, and saw 7 of its levels.

You collected 224 gold pieces.

Inventory:

Hand Weapons
 e - a +0 dagger
 A - a +0 war axe of freezing (weapon)
Missiles
 a - a throwing net
 u - 6 javelins
Armour
 k - a +0 pair of boots (worn)
 n - a scarf of shadows (worn)
 t - a +0 helmet
Jewellery
 h - a +4 ring of protection (left hand)
 s - a ring of ice
 w - a +4 ring of slaying
 z - a +5 ring of evasion
 C - a ring of poison resistance (right hand)
Wands
 v - a wand of roots (4)
Scrolls
 c - a scroll of fear
 d - a scroll of teleportation {unknown}
 f - a scroll of poison {unknown}
 g - 2 scrolls of torment {unknown}
 j - 2 scrolls of noise {unknown}
 m - a scroll of enchant armour {unknown}
 o - a scroll of magic mapping {unknown}
 p - 6 scrolls of identify {unknown}
 q - a scroll of silence {unknown}
 y - a scroll of fog {unknown}
Potions
 i - a potion of heal wounds {unknown}
 l - 3 potions of haste {unknown}
 r - 2 potions of brilliance {unknown}
 x - a potion of degeneration {unknown}
 B - a potion of mutation {unknown}


   Skills:
 + Level 2.8 Fighting
 + Level 1.4 Short Blades
 + Level 4.0 Axes
 + Level 4.4 Dodging
 + Level 2.7 Stealth
 + Level 1.1 Unarmed Combat
 + Level 5.4 Spellcasting
 + Level 4.7 Conjurations
 + Level 5.5 Air Magic
 + Level 0.8 Evocations


You had 16 spell levels left.
You knew the following spells:

 Your Spells              Type           Power      Damage    Failure   Level
a - Shock                 Conj/Air       76%        1d7       1%          1

Your spell library contained the following spells:

 Spells                   Type           Power      Damage    Failure   Level
 Static Discharge         Conj/Air       38%        2-4/arc   3%          2
 Swiftness                Air            20%        N/A       4%          3
 Freeze                   Ice            16%        1d4       16%         1
 Vhi's Electric Charge    Tloc/Air       24%        N/A       16%         3
 Airstrike                Air            10%        2d(2-18)  16%         4
 Hailstorm                Conj/Ice       11%        3d5       19%         3
 Frozen Ramparts          Ice            8%         1d2       43%         3
 Arcjolt                  Conj/Air       9%         1d19      47%         5
 Maxwell's Capacitive Co  Air            10%        ∞         100%        8


Dungeon Overview and Level Annotations

Branches:
Dungeon (7/15)
 Temple: D:4-7

Altars:
Gozag
Makhleb
Sif Muna

Annotations:
D:2 Sigmund
D:4 Edmund
D:7 Duvessa


Innate Abilities, Weirdness & Mutations

You can spit globs of acid.
Your golden yellow scales are hard. (AC +6)
You cannot fit into any form of body armour.
You are cold-blooded and may be slowed by cold attacks.
You are resistant to acid. (rCorr)


Message History

The zap misses Duvessa.
Duvessa goes berserk!
The zap misses Duvessa.
The zap hits Duvessa but does no damage.
Duvessa is lightly wounded.
The zap misses Duvessa.
Duvessa barely misses you. Duvessa closely misses you.
The zap hits Duvessa but does no damage.
Duvessa is lightly wounded.
Duvessa misses you.
The zap hits Duvessa but does no damage.
Duvessa is lightly wounded.
Duvessa hits you with a +0 rapier. Duvessa hits you but does no damage.
You slash Duvessa! You freeze Duvessa.
Duvessa is lightly wounded.
Duvessa hits you with a +0 rapier. Duvessa completely misses you.
You hit Duvessa but do no damage.
You tail-slap Duvessa, but do no damage.
Duvessa is lightly wounded.
Duvessa hits you with a +0 rapier! Duvessa barely misses you.
You barely miss Duvessa.
Duvessa is lightly wounded.
Duvessa hits you with a +0 rapier! x2
You feel better. Duvessa closely misses you.
Read: 2 scrolls of fear
Press: ? - help, Q - select action, (/) - cycle Dir - look around, f - activate Look: Duvessa, wielding a +0 rapier and wearing a +0 scale mail (lightly wounded, berserk, not susceptible)
As you read the scroll of fear, it crumbles to dust.
You assume a fearsome visage.
Duvessa is unaffected.
Duvessa hits you with a +0 rapier! x2
* * * LOW HITPOINT WARNING * * *
You feel better. Duvessa hits you with a +0 rapier!
* * * LOW HITPOINT WARNING * * *
You hit Duvessa but do no damage.
Duvessa is lightly wounded.
Duvessa barely misses you. Duvessa hits you with a +0 rapier.
* * * LOW HITPOINT WARNING * * *
You hit Duvessa but do no damage.
Duvessa is lightly wounded.
Duvessa hits you with a +0 rapier!!
You die...

#....# #....#
#...# #
######...##..
.............
.............
#+####.######
###!.###'#####
?.....@e.....#
..........)..#
###..###.##.##
#.. #.##.# ...
...... ....
........ ...
..........
#....


You could see Duvessa (berserk).

Vanquished Creatures
  A water moccasin (D:5)
  4 ice beasts
  A sky beast (D:6)
  2 black bears (D:6)
  3 ogres
  A bullfrog (D:6)
  4 scorpions
  Dowan (D:7)
  2 orc priests
  2 hounds
  A jelly (D:5)
  2 sleepcaps
  Jessica (D:2)
  5 iguanas
  An orc wizard (D:4)
  Robin (D:2)
  10 adders
  A white imp (D:6)
  5 worms
  3 dart slugs
  7 orcs
  4 endoplasms
  3 giant cockroaches
  9 goblins
  3 hobgoblins
  9 jackals
  4 kobolds
  3 quokkas
  3 ball pythons
  5 bats
  3 frilled lizards
  2 rats (D:2)
106 creatures vanquished.

Vanquished Creatures (others)
  7 plants (D:3)
7 creatures vanquished.

Grand Total: 113 creatures vanquished

Notes
Turn   | Place    | Note
-------+----------+-------------------------------------------
     0 | D:1      | Zanecoolhand the Draconian Air Elementalist began the quest
                  | for the Orb.
     0 | D:1      | Reached XP level 1. HP: 14/14 MP: 3/3
   139 | D:1      | Reached XP level 2. HP: 12/20 MP: 1/5
  1016 | D:2      | Reached XP level 3. HP: 26/26 MP: 1/6
  1029 | D:2      | Reached skill level 1 in Unarmed Combat
  1393 | D:2      | Noticed Robin
  1408 | D:2      | Killed Robin
  1498 | D:2      | Reached XP level 4. HP: 34/34 MP: 1/7
  1514 | D:2      | Noticed Jessica
  1520 | D:2      | Killed Jessica
  1629 | D:2      | Reached skill level 1 in Short Blades
  1631 | D:2      | Found a shimmering blue altar of Sif Muna.
  1638 | D:2      | Became a worshipper of Sif Muna the Loreminder
  1840 | D:2      | Noticed Sigmund
  2110 | D:3      | Reached XP level 5. HP: 39/39 MP: 0/8
  2771 | D:3      | Found an opulent altar of Gozag.
  3193 | D:4      | Reached XP level 6. HP: 28/46 MP: 1/10
  3193 | D:4      | Noticed Edmund
  3209 | D:5      | Entered Level 5 of the Dungeon
  3292 | D:5      | Noticed a water moccasin
  3309 | D:5      | Killed a water moccasin
  3741 | D:5      | Noticed an ice beast
  3751 | D:5      | Reached skill level 1 in Fighting
  3782 | D:5      | Your scales start taking on a golden yellow colour.
  3782 | D:5      | Reached XP level 7. HP: 49/52 MP: 1/12
  3782 | D:5      | Gained mutation: You are resistant to acid. (rCorr) [Yellow
                  | Draconian growth]
  3812 | D:5      | Reached * piety under Sif Muna
  3838 | D:5      | Reached skill level 1 in Axes
  4954 | D:5      | Reached XP level 8. HP: 38/61 MP: 9/14
  5055 | D:6      | Reached skill level 5 in Air Magic
  5645 | D:6      | Reached skill level 5 in Spellcasting
  6327 | D:6      | Found a burning altar of Makhleb.
  6329 | D:6      | Noticed a balrug
  6333 | D:6      | Noticed an orange demon
  6333 | D:6      | Noticed an orange demon
  6380 | D:7      | Noticed Dowan
  6403 | D:7      | Killed Dowan
  6408 | D:7      | Noticed Duvessa
  6422 | D:7      | Mangled by Duvessa

Illustrated notes

Levels and vault maps discovered:
D:1:      dpeg_arrival_erosion, layout_rooms
D:2:      minmay_general_purpose_star, layout_loops_corners, basic_altar,
          uniq_robin, uniq_jessica, uniq_sigmund
D:3:      cheibrodos_helix_gallery, layout_basic, lemuel_coloured_pillars_altar,
          grunt_ministairs_1, serial_bayou_crossing
D:4:      layout_cave_pods, minmay_temple_entry_butterflies, uniq_grinder,
          uniq_menkaure, uniq_edmund
D:5:      minmay_chambers_of_threes, layout_basic
D:6:      black_bear_nest_2, layout_loops_ring, makhleb_altar_promises_db
D:7:      layout_gridville, nicolae_uskayaw_dance_hall, fountainhead,
          uniq_duvessa, uniq_crazy_yiuf_cottage, uniq_maggie

Skill      XL: |  1  2  3  4  5  6  7  8 |
---------------+-------------------------+-----
Stealth        | 2 |  2.7
Dodging        | 2 3 4 |  4.4
Unarmed Combat | 1 |  1.1
Short Blades   | 1 |  1.4
Conjurations   | 2 3 4 |  4.7
Spellcasting   | 3 4 5 |  5.4
Air Magic      | 4 5 |  5.5
Fighting       | 1 2 |  2.8
Axes           | 2 4 |  4.0
Evocations     | |  0.8

Action                     |  1- 3 |  4- 6 |  7- 9 || total
---------------------------+-------+-------+-------++-------
  Melee: Unarmed           |    58 |       |       ||    58
         Tailslap          |    18 |     9 |    13 ||    40
         Dagger            |    80 |    90 |       ||   170
         War axe           |       |    11 |   100 ||   111
         Punch             |       |       |     4 ||     4
   Cast: Shock             |    46 |   117 |   105 ||   268
Ability: Breathe Acid      |       |       |     1 ||     1
  Evoke: Wand              |       |     5 |     2 ||     7
    Use: Potion            |     1 |     2 |     4 ||     7
         Scroll            |       |       |     4 ||     4
 Armour: Skin              |    84 |    62 |    83 ||   229
  Dodge: Dodged            |   117 |   107 |    85 ||   309

Table legend: (Time is in decaauts)
 A = Elapsed time spent in this place.
 B = Non-inter-level travel time spent in this place.
 C = Inter-level travel time spent in this place.
 D = Time resting spent in this place.
 E = Time spent auto-exploring this place.
 F = Levels seen in this place.
 G = Mean time per level.
                   A        B        C        D        E       F      G
               +--------+--------+--------+--------+--------+-----+--------+
         Total |   6458 |   5643 |    815 |   1124 |   3463 |   7 |  922.6 |
       Dungeon |   6458 |   5643 |    815 |   1124 |   3463 |   7 |  922.6 |
               +--------+--------+--------+--------+--------+-----+--------+

Top non-repeatable levels by time:
     D:5: 1846 daAuts
     D:6: 1362 daAuts
     D:3: 1318 daAuts
     D:2: 1084 daAuts
     D:1: 758 daAuts
     D:7: 44 daAuts
     D:4: 43 daAuts
